 Dungeon Crawl Stone Soup version 0.29.1-12-g30fa7ad0bf (webtiles) character file.

Game seed: 12395777946524799666

268 mikeweasel the Slasher (level 6, -10/48 HPs)
             Began as a Human Monk on Jan 6, 2023.
             Was a Plaything of Xom.
             Killed from afar by a steam dragon (16 damage)
             ... with a ball of steam
             ... on level 4 of the Dungeon.
             The game lasted 00:22:27 (2739 turns).

mikeweasel the Slasher (Human Monk)                 Turns: 2739, Time: 00:22:28

Health: -10/48     AC:  4    Str: 11    XL:     6   Next: 45%
Magic:  6/6        EV: 14    Int:  7    God:    Xom [..*...]
Gold:   223        SH:  0    Dex: 23    Spells: 2/5 levels left

rFire   . . .      SeeInvis .   h - +8 sling of the Common Good {flame, Int-3 Dex+5}
rCold   . . .      Faith    .   (no shield)
rNeg    . . .      Spirit   .   e - +1 leather armour
rPois   .          Reflect  .   (no helmet)
rElec   .          Harm     .   (no cloak)
rCorr   .          Rampage  .   (no gloves)
Will    .....                   (no boots)
Stlth   ++........              (no amulet)
HPRegen 0.16/turn               (no ring)
MPRegen 0.10/turn               (no ring)

@: no status effects
A: no striking features
a: Renounce Religion


You were on level 4 of the Dungeon.
You worshipped Xom.
You were a toy of Xom.
You visited 1 branch of the dungeon, and saw 4 of its levels.

You collected 223 gold pieces.

Inventory:

Hand Weapons
 a - a +1 falchion
 h - the +8 sling of the Common Good (weapon) {flame, Int-3 Dex+5}
   (You found it on level 3 of the Dungeon)

   Any ammunition fired from it burns those it strikes, dealing additional fire
   damage.
   Int:       It affects your intelligence (-3).
   Dex:       It affects your dexterity (+5).
 l - a +2 short sword of electrocution
Missiles
 f - 3 poisoned darts
 k - 7 stones
Armour
 e - a +1 leather armour (worn)
Jewellery
 d - a ring of ice
Wands
 m - a wand of flame (9)
Scrolls
 g - 4 scrolls of enchant weapon
Potions
 c - 2 potions of ambrosia
 i - a potion of might


   Skills:
 + Level 3.7 Fighting
 + Level 0.2(2.5) Short Blades
 + Level 4.2 Long Blades
 + Level 1.8 Ranged Weapons
 + Level 0.3 Throwing
 + Level 3.0 Armour
 + Level 3.7 Dodging
 + Level 2.1 Stealth


You had 2 spell levels left.
You knew the following spells:

 Your Spells              Type           Power      Damage    Failure   Level
a - Ozocubu's Armour      Ice            0%         N/A       87%         3

Your spell library contained the following spells:

 Spells                   Type           Power      Damage    Failure   Level
 Metabolic Englaciation   Hex/Ice        0%         N/A       100%        5
 Simulacrum               Ice/Necr       0%         N/A       100%        6


Dungeon Overview and Level Annotations

Branches:
Dungeon (4/15)
 Temple: D:4-7

Altars:
Xom

Shops:
D:1 =


Message History

There is a stone staircase leading down here.
A steam dragon comes into view.
Fire: h) +8 sling of the Common Good {flame, Int-3 Dex+5}
Press: ? - help, Q - select action, (/) - cycle Shift-Dir - straight line, f - steam dragon
Aim: a steam dragon (asleep, 98% to hit)
You shoot a sling bullet. The sling bullet hits the steam dragon.
The sling bullet burns the steam dragon.
The steam dragon hisses angrily.
The steam dragon is moderately wounded.
Fire: h) +8 sling of the Common Good {flame, Int-3 Dex+5}
Press: ? - help, Q - select action, (/) - cycle Shift-Dir - straight line, f/p - steam dragon
Aim: a steam dragon (moderately wounded, 70% to hit)
You shoot a sling bullet. The sling bullet hits the steam dragon.
The sling bullet burns the steam dragon.
The steam dragon is heavily wounded.
The steam dragon breathes steam at you. The ball of steam misses you.
You are engulfed in a cloud of scalding steam.
Fire: h) +8 sling of the Common Good {flame, Int-3 Dex+5}
Press: ? - help, Q - select action, (/) - cycle Shift-Dir - straight line, f - you
Okay, then.
The steam dragon breathes steam at you. The ball of steam hits you!!
You are engulfed in a cloud of scalding steam.
As you read the scroll labelled COTIXU LYI, it crumbles to dust.
It is a scroll of identify.
You don't have any unidentified items.
The steam dragon breathes steam at you. The ball of steam hits you!
* * * LOW HITPOINT WARNING * * *
Unknown command.
You feel better.
You are engulfed in a cloud of scalding steam.
The steam dragon attacks as you move away!
The steam dragon barely misses you. The steam dragon claws you.
* * * LOW HITPOINT WARNING * * *
The steam dragon breathes steam at you. The ball of steam hits you!
You die...
Xom cackles wildly!

####.# #....###.
###...§.§..
#..§.D§.D..
#.#####.##.
#########.#
........§D# ##
#########§# ..
........@#####.#
#.######...>...#
##.##.###
#.##..###.#
#.........#
#####.##### #..#
###⌠###
##~^^♣.##


You could see a steam dragon (catching breath).

Vanquished Creatures
  An ogre (D:3)
  A scorpion (D:4)
  An iguana (D:4)
  5 adders
  A shadow imp (D:3)
  A dart slug (D:1)
  4 orcs (D:3)
  10 ball pythons
  3 endoplasms
  7 goblins
  A hobgoblin (D:3)
  2 quokkas
  4 bats
  3 frilled lizards
  2 rats (D:2)
46 creatures vanquished.

Vanquished Creatures (others)
  A plant (D:1)
1 creature vanquished.

Grand Total: 47 creatures vanquished

Notes
Turn   | Place    | Note
-------+----------+-------------------------------------------
     0 | D:1      | mikeweasel the Human Monk began the quest for the Orb.
     0 | D:1      | Reached XP level 1. HP: 18/18 MP: 1/1
    31 | D:1      | Found Meshul's Jewellery Boutique.
   261 | D:1      | Reached XP level 2. HP: 23/24 MP: 2/2
   270 | D:1      | Found a faded altar of an unknown god.
   664 | D:1      | Reached XP level 3. HP: 27/29 MP: 3/3
  1258 | D:2      | Reached skill level 1 in Armour
  1280 | D:2      | Reached XP level 4. HP: 35/35 MP: 4/4
  1370 | D:2      | Learned a level 3 spell: Ozocubu's Armour
  1730 | D:3      | Identified the +8 sling of the Common Good {flame, Int-3
                  | Dex+5}
  2198 | D:3      | Noticed an ogre
  2209 | D:3      | Killed an ogre
  2210 | D:3      | Reached skill level 4 in Long Blades
  2210 | D:3      | Reached skill level 1 in Ranged Weapons
  2210 | D:3      | Reached XP level 5. HP: 26/41 MP: 5/5
  2638 | D:4      | Reached XP level 6. HP: 43/48 MP: 6/6
  2679 | D:4      | Found a shimmering altar of Xom.
  2680 | D:4      | Found a shimmering altar of Xom.
  2682 | D:4      | Found a shimmering altar of Xom.
  2683 | D:4      | Found a shimmering altar of Xom.
  2684 | D:4      | Found a shimmering altar of Xom.
  2685 | D:4      | Found a shimmering altar of Xom.
  2688 | D:4      | Became a worshipper of Xom of Chaos
  2725 | D:4      | Noticed a steam dragon
  2739 | D:4      | Killed from afar by a steam dragon

Illustrated notes

Levels and vault maps discovered:
D:1:      psy_arrival_terrarium, layout_basic,
          shapermc_ecumenical_altar_mp_urbaneastern, serial_shops, shop,
          kennysheep_nondescript, kennysheep_decorative_pillar
D:2:      layout_loops_ring
D:3:      layout_basic, hangedman_abyss_or_decor_stabs, minmay_misc_feat_alley,
          minmay_misc_feat_diagonals
D:4:      layout_loops_ring, xom_redecorated,
          nicolae_uskayaw_murder_on_the_dancefloor, temple_fountains

Skill      XL: |  1  2  3  4  5  6 |
---------------+-------------------+-----
Armour         | 1 2 3 |  3.0
Long Blades    | 4 |  4.2
Ranged Weapons | 1 |  1.8
Fighting       | |  3.7
Short Blades   | |  0.2
Throwing       | |  0.3
Dodging        | |  3.7
Stealth        | |  2.1

Action                   |  1- 3 |  4- 6 || total
-------------------------+-------+-------++-------
Melee: Falchion          |    64 |     7 ||    71
       Short sword       |       |    10 ||    10
 Fire: Sling             |       |    27 ||    27
Throw: Dart              |     2 |     1 ||     3
  Use: Potion            |     2 |     4 ||     6
       Scroll            |     2 |     1 ||     3
Armor: Robe              |     3 |       ||     3
       Leather armour    |    13 |     2 ||    15
       Skin              |       |     2 ||     2
Dodge: Dodged            |    36 |    13 ||    49
